 Dungeon Crawl Stone Soup version 0.31-a0-236-g9a0961fb85 (webtiles) character file.

Game seed: 7435742179962173443

268 qw the Shooter (level 6, -3/51 HPs)
             Began as a Minotaur Hexslinger on July 10, 2023.
             Slain by a gnoll
             ... wielding a +0 spear
             ... led by a gnoll bouda
              (4 damage)
             ... on level 4 of the Dungeon.
             The game lasted 00:01:01 (2547 turns).

qw the Shooter (Minotaur Hexslinger)                Turns: 2547, Time: 00:01:02

Health: -3/51      AC:  7    Str: 10    XL:     6   Next: 0%
Magic:  6/6        EV: 10    Int: 10    God:
Gold:   126        SH:  0    Dex: 15    Spells: 6/7 levels left

rFire   + . .        Y - +2 sling
rCold   + . .        (no shield)
rNeg    . . .        k - +0 ring mail
rPois   +            (helmet restricted)
rElec   .            (no cloak)
rCorr   .            (no gloves)
SInv    .            a - +1 pair of boots "Qago Xof" {rPois rC+ Slay+2}
Will    .....        (no amulet)
Stlth   +            d - ring of fire
HPRegen 0.28/turn    (no ring)
MPRegen 0.10/turn

%: no passive effects
@: no status effects
A: horns 2, retaliatory headbutt, cold resistance 1, weak 1
a: no special abilities


You were on level 4 of the Dungeon.
You visited 1 branch of the dungeon, and saw 4 of its levels.

You collected 126 gold pieces.


Innate Abilities, Weirdness & Mutations

You have a pair of horns on your head.
You reflexively headbutt those who attack you in melee.
Your flesh is cold resistant. (rC+)
You are weak. (Str -2)


   Skills:
 + Level 3.2 Fighting
 - Level 6.1 Ranged Weapons
 - Level 1.1 Armour
 - Level 2.1 Dodging
 - Level 1.0 Spellcasting
 - Level 2.0 Hexes


You had 6 spell levels left.
You knew the following spells:

 Your Spells              Type           Power      Damage    Failure   Level
a - Slow                  Hex            16%        N/A       36%         1

Your spell library contained the following spells:

 Spells                   Type           Power      Damage    Failure   Level
 Inner Flame              Hex/Fire       3%         N/A       86%         3
 Portal Projectile        Hex/Tloc       4%         N/A       86%         3
 Cause Fear               Hex            2%         N/A       98%         4

Inventory:

Hand Weapons
 Y - a +2 sling (weapon)
Armour
 a - the +1 pair of boots "Qago Xof" (worn) {rPois rC+ Slay+2}
   (You acquired it on level 4 of the Dungeon)

   Slay:      It affects your accuracy & damage with ranged weapons and melee
   (+2).
   rC:        It protects you from cold.
   rPois:     It protects you from poison.
 k - a +0 ring mail (worn)
Jewellery
 d - a ring of fire (left hand)
Potions
 c - a potion of ambrosia {unknown}
 e - a potion of mutation
 f - a potion of curing {unknown}
 h - a potion of cancellation {unknown}
 j - a potion of brilliance {unknown}

Dungeon Overview and Level Annotations

Branches:
Dungeon (4/15)
 Temple: D:4-7

Altars:
Cheibriados
Dithmenos
Hepliaklqana
Nemelex Xobeh
Wu Jian

Annotations:
D:3 1 runed translucent door, Crazy Yiuf


Message History

Ijyb draws strength from your wounds! The gnoll barely misses you.
2540 ||| DRINKING potion of heal wounds.
You feel much better.
Your attacks no longer feel as feeble.
The gnoll hits you from afar with a +0 spear.
Ijyb barely misses you. You furiously retaliate!
You headbutt Ijyb! The gnoll hits you but does no damage.
You shoot a sling bullet. The sling bullet hits Ijyb.
Ijyb is severely wounded.
The gnoll hits you from afar with a +0 spear.
Ijyb hits you but does no damage.
The gnoll hits you from afar with a +0 spear. x2
Ijyb barely misses you. You furiously retaliate!
You headbutt Ijyb!
You kill Ijyb!
Your Ranged Weapons skill increases to level 6!
You shoot a sling bullet. The sling bullet hits the gnoll!
The gnoll is severely wounded.
The gnoll is no longer moving quickly.
The gnoll hits you but does no damage.
The gnoll hits you from afar with a +0 spear. x2
You shoot a sling bullet. The sling bullet hits the gnoll.
The gnoll is severely wounded.
The gnoll is no longer moving quickly.
The gnoll hits you from afar with a +0 spear.
The gnoll hits you from afar with a +0 spear!
You shoot a sling bullet. The sling bullet hits the gnoll.
The gnoll is almost dead.
The gnoll closely misses you. The gnoll barely misses you.
You shoot a sling bullet.
The sling bullet closely misses the gnoll.
The gnoll closely misses you.
The gnoll hits you from afar with a +0 spear.
You shoot a sling bullet. The sling bullet hits the gnoll.
You kill the gnoll!
The gnoll barely misses you.
You have reached level 6!
You shoot a sling bullet. The sling bullet hits the gnoll.
The gnoll is moderately wounded.
The gnoll completely misses you.
The gnoll hits you from afar with a +0 spear.
You die...

+############# .#
.............# g.#
.~~~~~~~~~~~~#####~
.~~~~~~~~~~~~~~~~~~
.~~~~~~~~~~~~~~~~~~
..................P.
......%...).........
#.>....@##.........#
#.....))###........#
#/...)g.............
####...####.........
#... #.<.......#
#... #.#.......# ##
...# #.#.......# ##.
#...
###.#.>.....###..
#.....##........#


You could see a gnoll.

Vanquished Creatures
  An orc priest (D:3)
  A gnoll bouda (D:4)
  An iguana (D:4)
  Ijyb (D:4)
  An orc wizard (D:3)
  An adder (D:3)
  3 gnolls (D:4)
  A worm (D:3)
  2 dart slugs
  13 orcs
  3 bats
  5 endoplasms
  2 giant cockroaches
  2 goblins
  4 hobgoblins
  9 jackals
  6 kobolds
  2 quokkas
  6 ball pythons
  5 frilled lizards
  12 rats
81 creatures vanquished.

Notes
Turn   | Place    | Note
-------+----------+-------------------------------------------
     0 | D:1      | qw the Minotaur Hexslinger began the quest for the Orb.
     0 | D:1      | Reached XP level 1. HP: 16/16 MP: 1/1
     0 | D:1      | 0 ||| qw: Version: 0.3-a-52-g30416fa
     0 | D:1      | 0 ||| qw: Game counter: 4523
     0 | D:1      | 0 ||| qw: Melee chars always use a shield: true
     0 | D:1      | 0 ||| qw: God list: Okawaru
     0 | D:1      | 0 ||| qw: Allow faded altars: false
     0 | D:1      | 0 ||| qw: Do Orc after clearing Dungeon:15 true
     0 | D:1      | 0 ||| qw: Do second Lair branch before Depths: true
     0 | D:1      | 0 ||| qw: Lair rune preference: random
     0 | D:1      | 0 ||| qw: Goals: Normal
     0 | D:1      | 0 ||| PLANNING D:1-11
   135 | D:1      | Reached skill level 3 in Ranged Weapons
   143 | D:1      | Reached XP level 2. HP: 23/23 MP: 2/2
   678 | D:1      | 678 ||| UPGRADING to +1 pair of boots.
   683 | D:1      | 683 ||| UPGRADING to +0 leather armour.
   693 | D:1      | 693 ||| DROPPING +0 robe.
   694 | D:1      | 694 ||| DROPPING scroll of poison.
   756 | D:2      | You fall into a shaft and drop 2 floors!
   761 | D:4      | Reached XP level 3. HP: 25/29 MP: 3/3
   831 | D:4      | Found a shadowy altar of Dithmenos.
   831 | D:4      | Found a sparkling altar of Nemelex Xobeh.
   877 | D:4      | Reached skill level 4 in Ranged Weapons
   877 | D:4      | Reached XP level 4. HP: 36/36 MP: 4/4
   920 | D:4      | 920 ||| READING scroll labelled WAAVAWNIFRE.
   920 | D:4      | Identified a scroll of acquirement
   920 | D:4      | 920 ||| ACQUIRING +1 pair of boots "Qago Xof" {rPois rC+
                  | Slay+2}
   920 | D:4      | Acquired the +1 pair of boots "Qago Xof" {rPois rC+ Slay+2}
   922 | D:4      | 922 ||| UPGRADING to +1 pair of boots "Qago Xof" {rPois rC+
                  | Slay+2}.
   932 | D:4      | 932 ||| DROPPING +1 pair of boots.
   979 | D:2      | Found a faded altar of an unknown god.
  1442 | D:2      | 1442 ||| READING scroll labelled BOLLUD ZACVIRPH.
  1507 | D:2      | 1507 ||| READING scroll labelled KEIKA SUNKEGA.
  1508 | D:2      | 1508 ||| READING scroll labelled FADDUEGROZUN.
  1509 | D:2      | 1509 ||| DRINKING 2 coppery potions.
  1510 | D:2      | 1510 ||| DRINKING 2 bubbling blue potions.
  1541 | D:2      | 1541 ||| DROPPING potion of lignification.
  1741 | D:3      | Found a snail-covered altar of Cheibriados.
  1808 | D:3      | Reached skill level 5 in Ranged Weapons
  1808 | D:3      | 1808 ||| FLEEEEING.
  1929 | D:3      | Reached XP level 5. HP: 35/42 MP: 5/5
  1940 | D:3      | Reached skill level 3 in Fighting
  2166 | D:3      | Found an ornate altar of the Wu Jian Council.
  2201 | D:3      | Found a hazy altar of Hepliaklqana.
  2252 | D:3      | Found a runed translucent door.
  2253 | D:3      | Noticed Crazy Yiuf
  2446 | D:3      | 2446 ||| UPGRADING to +0 ring mail.
  2456 | D:3      | 2456 ||| DROPPING +0 leather armour.
  2457 | D:3      | 2457 ||| READING scroll labelled CEKHLEO ASIAG.
  2458 | D:3      | 2458 ||| READING scroll labelled VYEQUCZUMNO.
  2459 | D:3      | 2459 ||| DRINKING 2 green potions.
  2459 | D:3      | Gained mutation: You are weak. (Str -2) [potion of
                  | mutation]
  2459 | D:3      | Gained mutation: Your flesh is cold resistant. (rC+)
                  | [potion of mutation]
  2460 | D:3      | 2460 ||| UPGRADING to ring of fire.
  2532 | D:4      | Noticed Ijyb
  2533 | D:4      | Reached skill level 1 in Armour
  2539 | D:4      | HP: 8/45 [gnoll/+0 spear[a gnoll bouda] (5)]
  2540 | D:4      | 2540 ||| DRINKING potion of heal wounds.
  2541 | D:4      | Killed Ijyb
  2542 | D:4      | Reached skill level 6 in Ranged Weapons
  2543 | D:4      | HP: 3/45 [gnoll/+0 spear[a gnoll bouda] (8)]
  2545 | D:4      | HP: 1/45 [gnoll/+0 spear[a gnoll bouda] (3)]
  2547 | D:4      | Reached XP level 6. HP: 1/51 MP: 6/6
  2547 | D:4      | Slain by a gnoll

Levels and vault maps discovered:
D:1:      dpeg_arrival_stone_temple_mockup, layout_basic, serial_forest,
          infiniplex_forest_end_2, infiniplex_forest_end_double,
          infiniplex_forest_lined_room_, infiniplex_forest_clump_cross,
          infiniplex_forest_straight_2
D:2:      layout_basic, hellmonk_ecumenical_altar_slurped_away
D:3:      layout_rooms, lemuel_tele_altar, worldfamousw_hep_ancestral_shrine,
          mainiacjoe_overflow_surrounded_room, uniq_crazy_yiuf_cottage
D:4:      lemuel_castle_with_subvaults [lemuel_castle_interior_original],
          layout_rooms, elyvilon_altar_3, nicolae_vehumet_radiance,
          jmf_multi_god_temple, nicolae_ashenzari_skybound, serial_curves,
          eino_curves_01, eino_curves_04, uniq_ijyb

Skill      XL: |  1  2  3  4  5 |
---------------+----------------+-----
Ranged Weapons | 3 4 5 6 |  6.1
Fighting       | 2 3 |  3.2
Armour         | 1 |  1.1
Dodging        | |  2.1
Spellcasting   | |  1.0
Hexes          | |  2.0

Action                     |  1- 3 |  4- 6 || total
---------------------------+-------+-------++-------
   Fire: Sling             |    80 |   138 ||   218
    Use: Scroll            |       |     6 ||     6
         Potion            |       |     4 ||     4
 Armour: Robe              |     6 |       ||     6
         Leather armour    |     2 |    19 ||    21
         Ring mail         |       |     9 ||     9
  Dodge: Dodged            |    20 |    42 ||    62

Table legend:
 A = Non-vault XP
 B = Vault XP
 C = Vault XP percentage of total XP
 D = Non-vault monster count
 E = Vault monster count
 F = Vault count percentage of total count
                 A         B        C        D         E       F
            +---------+---------+-------+---------+---------+-------
      Total |     321 |      62 |  16.2 |      73 |       8 |   9.9
            +---------+---------+-------+---------+---------+-------
        D:1 |      37 |       0 |   0.0 |      24 |       0 |   0.0
        D:2 |      15 |       2 |  11.8 |      11 |       1 |   8.3
        D:3 |     155 |       0 |   0.0 |      30 |       0 |   0.0
        D:4 |     114 |      60 |  34.5 |       8 |       7 |  46.7
            +---------+---------+-------+---------+---------+-------
